 Dungeon Crawl Stone Soup version 0.30.1-4-g462c640d31 (webtiles) character file.

Game seed: 22287528963944586

179994 Gabide the Gelid (level 16, 0/139 HPs)
             Began as a Demigod Ice Elementalist on Aug 12, 2023.
             Slain by a ghost moth (12 damage)
             ... on level 3 of the Lair of Beasts on Aug 16, 2023.
             The game lasted 03:01:23 (46481 turns).

Gabide the Gelid (Demigod Ice Elementalist)        Turns: 46481, Time: 03:01:23

Health: 0/139      AC: 24    Str:  5 (8)  XL:     16   Next: 75%
Magic:  0/37       EV: 13    Int: 38 (41) God:
Gold:   1325       SH: 12    Dex:  5 (8)  Spells: 7/39 levels left

rFire   + . .        X - +2 falchion "Dubaaw" {venom, Fragile rPois rC+ Will+}
rCold   + + .        F - +3 buckler {AC+3}
rNeg    . . .        C - +2 robe {rF+}
rPois   +            j - +2 helmet
rElec   +            I - +2 cloak {Will+}
rCorr   +            i - +2 pair of gloves "Tobantui" {rElec rC+ rCorr Dex-3}
SInv    .            E - +2 pair of boots
Will    +++..        M - amulet of reflection
Stlth   +++          P - ring of flight
HPRegen 0.43/turn    h - +4 ring of protection
MPRegen 0.25/turn

%: reflection
@: mighty, about to teleport, flying
A: high MP 1, forlorn, divine attributes, clever 1, clumsy 1, no potion heal 1,
MP-powered wands
}: 1/15 runes: decaying
a: no special abilities


You were on level 3 of the Lair of Beasts.
You visited 6 branches of the dungeon, and saw 28 of its levels.
You visited the Abyss 1 time.
You also visited: Sewer and Ice Cave.

You collected 3137 gold pieces.
You spent 1812 gold pieces at shops.

Inventory:

Hand Weapons
 a - a +5 dagger of electrocution
 X - the +2 falchion "Dubaaw" (weapon) {venom, Fragile rPois rC+ Will+}
   (You took it off a vampire on level 12 of the Dungeon)

   rC:        It protects you from cold.
   rPois:     It protects you from poison.
   Fragile:   It will be destroyed if unequipped.
   Will:      It increases your willpower.
Armour
 b - the +4 skin of Zhor {*Englaciate rC+++ SInv}
   (You found it in an ice cave)

   *Englaciate: It radiates cold, occasionally slowing all nearby creatures who
   are not resistant to cold.
   rC:        It renders you almost immune to cold.
   SInv:      It lets you see invisible.
 i - the +2 pair of gloves "Tobantui" (worn) {rElec rC+ rCorr Dex-3}
   (You found it on level 2 of the Dungeon)

   Dex:       It affects your dexterity (-3).
   rC:        It protects you from cold.
   rElec:     It insulates you from electricity.
   rCorr:     It protects you from acid and corrosion.
 j - a +2 helmet (worn)
 C - a +2 robe of fire resistance (worn)
 E - a +2 pair of boots (worn)
 F - a +3 buckler of protection (worn)
 I - a +2 cloak of willpower (worn)
 K - the +2 cloak "Huzaw" {*Corrode rN+++ Str-4 Stlth+}
   (You found it on level 2 of the Lair of Beasts)

   Str:       It affects your strength (-4).
   rN:        It renders you almost immune to negative energy.
   *Corrode:  It may corrode you when you take damage.
   Stlth:     It makes you more stealthy.
 Q - a scarf of resistance
Magical Staves
 B - a staff of conjuration
Jewellery
 f - an amulet of magic regeneration
 h - a +4 ring of protection (right hand)
 l - a +5 ring of evasion
 p - a ring of ice
 w - a ring of poison resistance
 D - a ring of ice
 J - an amulet of regeneration
 M - an amulet of reflection (around neck)
 P - a ring of flight (left hand)
 T - a +4 ring of protection
 U - a ring of positive energy
 Z - a ring of wizardry
Scrolls
 c - a scroll of immolation
 m - 2 scrolls of fear
 u - 6 scrolls of magic mapping
 L - 4 scrolls of amnesia
 R - 13 scrolls of identify
 S - a scroll of butterflies
 V - a scroll of enchant armour
 W - 3 scrolls of poison
 Y - 5 scrolls of fog
Potions
 e - 4 potions of mutation
 g - 2 potions of resistance
 n - 4 potions of lignification
 o - 5 potions of haste
 r - 7 potions of attraction
 s - 2 potions of brilliance
 t - 4 potions of cancellation
 v - 3 potions of might
 x - 3 potions of berserk rage
 z - 3 potions of curing
 H - 7 potions of flight
Miscellaneous
 N - a phantom mirror (inert)
 O - a condenser vane (inert)


   Skills:
 + Level 12.2 Fighting
 - Level 6.0 Armour
 + Level 12.2 Dodging
 - Level 6.0 Stealth
 - Level 6.0 Shields
 + Level 12.2 Spellcasting
 * Level 18.3 Ice Magic


You had 7 spell levels left.
You knew the following spells:

 Your Spells              Type           Power      Damage    Failure   Level
a - Freeze                Ice            100%       1d10      0%          1
b - Frozen Ramparts       Ice            100%       1d16      0%          3
c - Ozocubu's Armour      Ice            100%       N/A       0%          3
d - Ensorcelled Hibernat  Hex/Ice        100%       N/A       1%          2
e - Summon Ice Beast      Ice/Summ       75%        N/A       1%          4
f - Freezing Cloud        Conj/Ice/Air   31%        6-21      6%          5
g - Metabolic Englaciati  Hex/Ice        37%        N/A       1%          5
h - Stone Arrow           Conj/Erth      46%        3d9       8%          3
i - Simulacrum            Ice/Necr       37%        N/A       10%         6

Your spell library contained the following spells:

 Spells                   Type           Power      Damage    Failure   Level
 Apportation              Tloc           46%        N/A       2%          1
 Necrotise                Necr           92%        1d8       2%          1
 Shock                    Conj/Air       92%        1d8       2%          1
 Summon Small Mammal      Summ           92%        N/A       2%          1
 Passwall                 Tmut/Erth      19%        N/A       4%          2
 Poisonous Vapours        Pois/Air       46%        N/A       4%          2
 Scorch                   Fire           46%        2d7       4%          2
 Dazzling Flash           Conj/Hex       46%        N/A       8%          3
 Inner Flame              Hex/Fire       23%        N/A       8%          3
 Mephitic Cloud           Conj/Pois/Air  23%        N/A       8%          3
 Spider Form              Tmut/Pois      23%        N/A       8%          3
 Summon Guardian Golem    Hex/Summ       23%        N/A       8%          3
 Swiftness                Air            23%        N/A       8%          3
 Vampiric Draining        Necr           23%        2d7       8%          3
 Vhi's Electric Charge    Tloc/Air       46%        N/A       8%          3
 Airstrike                Air            11%        2d(2-18)  26%         4
 Anguish                  Hex/Necr       11%        N/A       26%         4
 Animate Dead             Necr           23%        N/A       26%         4
 Flame Wave               Conj/Fire      23%        2d8       26%         4
 Passage of Golubria      Tloc           23%        N/A       26%         4
 Petrify                  Tmut/Erth      23%        N/A       26%         4
 Sticky Flame             Conj/Fire      23%        2d4       26%         4
 Agony                    Necr           23%        N/A       58%         5
 Alistair's Intoxication  Tmut/Pois      15%        N/A       58%         5
 Arcjolt                  Conj/Air       11%        1d21      58%         5
 Borgnjor's Vile Clutch   Necr/Erth      11%        N/A       58%         5
 Silence                  Hex/Air        11%        N/A       58%         5
 Summon Forest            Summ/Tloc      11%        N/A       58%         5
 Summon Mana Viper        Hex/Summ       23%        N/A       58%         5
 Death Channel            Necr           11%        N/A       99%         6
 Eringya's Noxious Bog    Tmut/Pois      11%        N/A       99%         6
 Plasma Beam              Fire/Air       11%        2x1d24    99%         6
 Statue Form              Tmut/Erth      15%        N/A       99%         6
 Summon Cactus Giant      Summ           11%        N/A       99%         6
 Orb of Destruction       Conj           11%        9d6       100%        7
 Spellforged Servitor     Conj/Summ      11%        N/A       100%        7
 Lehudib's Crystal Spear  Conj/Erth      11%        10d4      100%        8
 Necromutation            Tmut/Necr      11%        N/A       100%        8


Dungeon Overview and Level Annotations

Branches:
Dungeon (15/15)            Temple (1/1) D:5            Lair (5/5) D:10
  Swamp (4/4) Lair:2       Spider (1/4) Lair:3        Slime (0/5) Lair:4
    Orc (2/2) D:9             Elf (0/3) Orc:2        Vaults (0/5) D:14
 Depths (0/4) D:15          Sewer (visited)           IceCv (visited)

Shops:
D:3 *   D:10 !   Orc:2 *([=*

Annotations:
D:14 Giaff's ghost, journeyman DsGl
D:15 AyAyRon's ghost, adept DsFi; Boahovan's ghost, journeyman DsGl; Qishud's ghost, adept GrEE; Sensen's ghost, journeyman DgEE
Swamp:2 1 runed translucent door, infcreate's ghost, adept DEHu


Innate Abilities, Weirdness & Mutations

You have an increased reservoir of magic. (+10% MP)
You shall have no god before yourself.
Your divine heritage dramatically boosts your attributes as you level up.
Your mind is acute. (Int +4, Str/Dex -1)
You are clumsy. (Dex -2)
Potions are less effective at restoring your health.
You expend magic power (3 MP) to strengthen your wands.


Message History

* * * LOW HITPOINT WARNING * * *
Something stings you but does no damage.
You barely miss something.
Your butterfly is engulfed in freezing vapours.
You kill your butterfly!
Your butterfly disappears in a burst of colours!
You block something's attack. Something hits you but does no damage.
Something stings you but does no damage.
Your butterfly is engulfed in freezing vapours.
You kill your butterfly!
Your butterfly disappears in a burst of colours!
You barely miss something.
Your extra speed is starting to run out.
Your butterfly is engulfed in freezing vapours.
You kill your butterfly!
Your butterfly disappears in a burst of colours!
Something hits you.
* * * LOW HITPOINT WARNING * * *
You feel dopey. Something hits you but does no damage. Something stings you.
* * * LOW HITPOINT WARNING * * *
You feel clumsy.
You feel you are being watched by something.
You feel your power leaking away. Something hits you!
* * * LOW HITPOINT WARNING * * *
Something hits you but does no damage. Something stings you!
* * * LOW HITPOINT WARNING * * *
As you read the scroll of teleportation, it crumbles to dust.
You feel strangely unstable.
You feel you are being watched by something.
Your butterfly is engulfed in freezing vapours.
You kill your butterfly!
Your butterfly disappears in a burst of colours!
You feel you are being watched by something.
You feel your power leaking away.
You feel yourself slow down.
You feel you are being watched by something.
You block something's attack. Something hits you!
You die...

..##
#.#.#P........#
..#
######........#
.## #.....○§.#
.## #..b§○b..##
..# #...b.....#
..#
##.........#
.##
#.....b...## .#
##........# .#
#.@......# ##
####.##### ###


There were no monsters in sight!

Vanquished Creatures
  Rupert (Lair:4)
  Jorgrun (Swamp:1)
  Mlioglotl (Swamp:3)
  2 tentacled starspawn (Abyss:2)
  Frances (Swamp:2)
  Kirke (Swamp:3)
  2 thorn hunters
  A fenstrider witch (Swamp:4)
  Louise (D:15)
  The ghost of MuffinSoup the Devastator, a journeyman OpHW of Vehumet (D:15)
  A reaper (IceCv)
  An eleionoma (Swamp:1)
  A dire elephant (D:15)
  5 bunyips
  The ghost of Uhiud the Thaumaturge, a journeyman DgEE (D:15)
  The ghost of Otufisit the Devastator, a journeyman DgCj (D:15)
  Josephine (D:10)
  A yaktaur captain (D:15)
  A shambling mangrove (Swamp:3)
  An entropy weaver (Spider:1)
  An ice dragon (Swamp:4)
  18 hydras
  4 vault guards (D:14)
  6 centaur warriors
  Erica (Orc:1)
  A ghost crab (Swamp:3)
  A jorogumo (Spider:1)
  4 catoblepae (Lair:5)
  An ogre mage (D:15)
  A death knight (D:14)
  6 boulder beetles
  4 two-headed ogres
  9 alligators
  9 death yaks (Lair:5)
  2 tengu warriors
  2 orc high priests (Orc:2)
  Nergalle (Lair:2)
  A pharaoh ant (Spider:1)
  8 goliath frogs
  2 wretched stars (Abyss:2)
  A skyshark (Lair:4)
  A deep troll (D:15)
  6 spriggan druids
  12 swamp dragons
  A glowing orange brain (Abyss:2)
  A lindwurm (shapeshifter) (D:15)
  5 bog bodies
  A wizard (Abyss:2)
  3 orc knights (Orc:2)
  2 orc sorcerers (Orc:1)
  2 cyclopes
  2 deep elf pyromancers (D:14)
  6 ugly things
  A salamander (D:15)
  4 will-o-the-wisps
  2 wolf spiders
  2 manticores
  A worldbinder (Abyss:2)
  An apocalypse crab (Abyss:2)
  8 elephants
  2 ice statues (IceCv)
  2 demonic crawlers (Spider:1)
  2 cane toads
  Maggie (D:6)
  2 unseen horrors
  4 komodo dragons
  A kobold demonologist (D:12)
  9 ice devils
  2 hydra zombies (Swamp:3)
  2 freezing wraiths
  2 tengu conjurers (D:14)
  A tormentor (Abyss:2)
  A polar bear (Lair:3)
  7 tyrant leeches
  3 trolls
  3 hornets
  A blink frog (shapeshifter) (D:15)
  3 blink frogs (Lair:4)
  8 raiju (Abyss:2)
  6 tarantellas (Spider:1)
  3 dream sheep (Lair:3)
  8 slime creatures (D:15)
  2 spriggans (Swamp:1)
  A jumping spider (Spider:1)
  A hog (shapeshifter) (D:15)
  31 yaks
  3 shadows
  A ynoxinul (Abyss:2)
  A vampire (D:12)
  3 starcursed masses (Abyss:2)
  A wyvern (Lair:1)
  2 hogs (Swamp:3)
  9 wraiths
  2 steam dragons
  3 redbacks (Spider:1)
  A chaos spawn (Abyss:2)
  A neqoxec (Abyss:2)
  A death yak simulacrum (IceCv)
  4 basilisks
  12 vampire mosquitoes
  3 large abominations (Abyss:2)
  Menkaure (D:7)
  2 harpy simulacra (IceCv)
  3 acid dragons
  15 swamp worms
  6 water moccasins
  Duvessa (D:6)
  12 swamp drakes
  A black bear (D:5)
  16 orc warriors
  A sky beast (D:8)
  9 ogres
  3 boggarts (D:10)
  A wolf (shapeshifter) (D:15)
  4 wolves
  15 centaurs
  2 phantoms (D:5)
  4 bullfrogs
  3 kobold brigands
  Blork the orc (D:4)
  5 scorpions
  A gnoll sergeant (D:9)
  5 small abominations (Abyss:2)
  A cane toad simulacrum (IceCv)
  Dowan (D:6)
  3 elephant simulacra (IceCv)
  13 killer bees
  3 howler monkeys
  4 electric eels (D:13)
  4 jellies
  4 hounds
  15 orc priests
  2 sleepcaps (D:5)
  A gnoll bouda (D:9)
  23 orc wizards
  4 iguanas
  4 hell rats (Lair:1)
  A spriggan simulacrum (IceCv)
  12 adders
  12 gnolls
  3 naga simulacra (IceCv)
  A shadow imp (D:7)
  8 white imps
  3 ufetubi
  7 worms
  3 dart slugs
  65 orcs
  7 endoplasms
  6 giant cockroaches
  8 goblins
  8 hobgoblins
  2 jackals (D:4)
  6 quokkas
  8 ball pythons
  10 bats
  7 frilled lizards
  20 kobolds
  10 rats
  2 starspawn tentacles (Abyss:2)
727 creatures vanquished.

Vanquished Creatures (collateral kills)
  An orc warlord (Orc:2)
  A bunyip (Swamp:4)
  A fire dragon (D:13)
  4 hydras
  A catoblepas (Lair:5)
  A two-headed ogre (D:10)
  A death knight (D:10)
  A death yak (Lair:5)
  Urug (D:12)
  A death drake (shapeshifter) (D:14)
  A wizard (D:14)
  A manticore (Lair:5)
  A cyclops (D:10)
  2 orc sorcerers (Orc:2)
  8 elephants
  5 black mambas
  10 cane toads
  A rime drake (Lair:3)
  A komodo dragon (Lair:5)
  2 tyrant leeches (Lair:2)
  A bloated husk (Swamp:4)
  7 blink frogs
  2 dream sheep (Lair:3)
  A jumping spider (Lair:3)
  A vampire (D:12)
  21 yaks
  2 basilisks
  2 wyverns
  6 vampire mosquitoes
  2 redbacks (Lair:3)
  4 swamp worms (Lair:2)
  A warg (Orc:2)
  10 water moccasins
  12 orc warriors
  3 wolves
  A black bear (Lair:1)
  An ogre (Orc:2)
  A centaur (D:12)
  4 bullfrogs
  2 electric eels (Lair:4)
  3 orc priests (Orc:2)
  An orc wizard (Orc:2)
  A hell rat (Lair:1)
  3 troll simulacra (IceCv)
  An ufetubus (IceCv)
  12 orcs
  A kobold (D:11)
151 creatures vanquished.

Vanquished Creatures (others)
  A thorn hunter (Swamp:3)
  A centaur warrior (D:15)
  A bloated husk (Swamp:3)
  3 humans (Swamp:3)
  2 wolves (Lair:1)
  A white imp (IceCv)
  30 foxfires
  12 starspawn tentacles
51 creatures vanquished.

Grand Total: 929 creatures vanquished

Notes
Turn   | Place    | Note
-------+----------+-------------------------------------------
     0 | D:1      | Gabide the Demigod Ice Elementalist began the quest for the
                  | Orb.
     0 | D:1      | Reached XP level 1. HP: 14/14 MP: 5/5
   193 | D:1      | You fall into a shaft and drop 1 floor!
   278 | D:2      | Identified the +2 pair of gloves "Tobantui" {rElec rC+
                  | rCorr Dex-3}
   507 | D:2      | Reached XP level 2. HP: 16/20 MP: 1/7
  1564 | D:2      | Reached XP level 3. HP: 26/26 MP: 4/8
  1735 | D:2      | Reached skill level 4 in Ice Magic
  1847 | D:2      | Noticed an ogre
  1904 | D:1      | Learned a level 3 spell: Frozen Ramparts
  2328 | D:2      | Reached XP level 4. HP: 30/33 MP: 6/10
  2386 | D:2      | Learned a level 3 spell: Ozocubu's Armour
  2789 | D:3      | Reached XP level 5. HP: 30/38 MP: 6/12
  3210 | D:3      | Found Soty's General Store.
  3216 | D:3      | Bought a scroll of fear for 48 gold pieces
  3216 | D:3      | Bought a potion of lignification for 36 gold pieces
  3993 | D:4      | Reached skill level 5 in Ice Magic
  4104 | D:4      | Reached XP level 6. HP: 45/45 MP: 9/13
  4400 | D:4      | Noticed Blork the orc
  4413 | D:4      | Killed Blork the orc
  4712 | D:5      | Entered Level 5 of the Dungeon
  4724 | D:5      | Reached skill level 6 in Ice Magic
  4866 | D:5      | Reached XP level 7. HP: 56/56 MP: 6/14
  4892 | D:5      | Reached skill level 1 in Armour
  5059 | D:5      | Found a glowing drain.
  5075 | Sewer    | Entered a sewer
  5916 | D:5      | Learned a level 2 spell: Ensorcelled Hibernation
  6061 | D:5      | Reached XP level 8. HP: 49/64 MP: 8/16
  6457 | D:5      | Reached skill level 7 in Ice Magic
  6680 | D:5      | Found a staircase to the Ecumenical Temple.
  6686 | Temple   | Entered the Ecumenical Temple
  7106 | D:6      | Killed an unseen horror
  7115 | D:6      | Noticed Duvessa
  7136 | D:6      | Killed Duvessa
  7145 | D:6      | Noticed Dowan
  7420 | D:6      | Killed Dowan
  7759 | D:6      | Reached XP level 9. HP: 72/72 MP: 19/19
  7763 | D:6      | Reached skill level 8 in Ice Magic
  7910 | D:6      | Noticed Maggie
  7919 | D:6      | Killed Maggie
  8373 | D:7      | Reached skill level 5 in Fighting
  8374 | D:7      | Reached skill level 5 in Dodging
  8395 | D:7      | Reached skill level 5 in Spellcasting
  8839 | D:7      | Reached skill level 9 in Ice Magic
  8930 | D:7      | Noticed Menkaure
  8936 | D:7      | Killed Menkaure
 10315 | D:9      | Noticed a two-headed ogre
 10322 | D:9      | Reached XP level 10. HP: 66/83 MP: 13/22
 11041 | D:9      | Reached skill level 10 in Ice Magic
 11372 | D:9      | Found a staircase to the Orcish Mines.
 12015 | D:9      | Killed a two-headed ogre
 12694 | D:10     | Entered Level 10 of the Dungeon
 13095 | D:10     | Noticed a two-headed ogre
 13107 | D:10     | Found Zyloxom's Distillery.
 13115 | D:10     | Bought a potion of heal wounds for 60 gold pieces
 13115 | D:10     | Bought a potion of degeneration for 12 gold pieces
 13115 | D:10     | Bought a potion of invisibility for 96 gold pieces
 13204 | D:10     | Learned a level 4 spell: Summon Ice Beast
 13558 | D:10     | Noticed Josephine
 13572 | D:10     | Killed Josephine
 13573 | D:10     | Reached XP level 11. HP: 71/92 MP: 8/24
 13588 | D:10     | Reached skill level 11 in Ice Magic
 13731 | D:10     | Found a staircase to the Lair.
 13958 | D:10     | Killed a two-headed ogre
 14210 | D:10     | Noticed a death knight
 14210 | D:10     | Noticed an ogre mage
 14228 | D:10     | Killed a death knight
 14513 | Lair:1   | Entered Level 1 of the Lair of Beasts
 15251 | Lair:1   | Reached skill level 12 in Ice Magic
 15813 | Lair:2   | Identified the +2 cloak "Huzaw" {*Corrode rN+++ Str-4
                  | Stlth+}
 16097 | Lair:2   | Noticed Nergalle
 16126 | Lair:2   | Killed Nergalle
 16185 | Lair:2   | Reached XP level 12. HP: 102/102 MP: 23/27
 16289 | Lair:2   | Noticed an eight-headed hydra
 16307 | Lair:2   | Killed an eight-headed hydra
 16471 | Lair:2   | Noticed a five-headed hydra
 16480 | Lair:2   | Killed a five-headed hydra
 16561 | Lair:2   | Found a staircase to the Swamp.
 17103 | Lair:2   | Learned a level 5 spell: Freezing Cloud
 17250 | Lair:3   | Reached skill level 13 in Ice Magic
 17293 | Lair:3   | Found a hole to the Spider Nest.
 17401 | Lair:3   | Noticed an eight-headed hydra
 17436 | Lair:3   | Killed an eight-headed hydra
 17853 | Lair:4   | Identified a scroll of acquirement
 17853 | Lair:4   | Acquired a book of Winter
 17861 | Lair:4   | Learned a level 5 spell: Metabolic Englaciation
 18304 | Lair:4   | Noticed Rupert
 18320 | Lair:4   | Noticed a seven-headed hydra
 18353 | Lair:4   | Killed a seven-headed hydra
 18356 | Lair:4   | Killed Rupert
 18471 | Lair:4   | Found a staircase to the Slime Pits.
 19010 | Lair:4   | Reached XP level 13. HP: 111/111 MP: 20/30
 19100 | Lair:5   | Entered Level 5 of the Lair of Beasts
 19621 | Lair:5   | Reached skill level 14 in Ice Magic
 20454 | Lair:5   | Reached skill level 10 in Dodging
 20495 | Lair:5   | Reached skill level 10 in Fighting
 21670 | Lair:5   | Reached skill level 15 in Ice Magic
 21860 | Lair:5   | Identified the +0 plate armour "Eghitod" {+Blink}
 22880 | D:12     | Reached XP level 14. HP: 120/122 MP: 11/32
 22979 | D:12     | Identified the +2 falchion "Dubaaw" {venom, Fragile rPois
                  | rC+ Will+}
 23000 | D:12     | Noticed Urug
 23089 | D:12     | Killed Urug
 24058 | D:13     | Got the Folio of the Coarse Faeries
 24372 | D:13     | Found a frozen archway.
 24477 | IceCv    | Entered an ice cave
 24585 | IceCv    | Learned a level 3 spell: Stone Arrow
 24612 | IceCv    | Reached skill level 10 in Spellcasting
 26194 | IceCv    | Noticed a reaper
 26195 | IceCv    | Found the +4 skin of Zhor {*Englaciate rC+++ SInv}
 26215 | IceCv    | Killed a reaper
 27807 | D:14     | Found a gate to the Vaults.
 27821 | D:14     | Reached skill level 16 in Ice Magic
 28427 | D:14     | Identified the +4 long sword "Ilup" {venom, Str+3}
 28971 | D:15     | Entered Level 15 of the Dungeon
 29325 | D:15     | Found a huge runed gate.
 29325 | D:15     | Found a huge runed gate.
 29325 | D:15     | Found a huge runed gate.
 29325 | D:15     | Found a huge runed gate.
 29325 | D:15     | Found a huge runed gate.
 29325 | D:15     | Found a huge runed gate.
 29325 | D:15     | Found a huge runed gate.
 29330 | D:15     | Found a huge runed gate.
 29332 | D:15     | Found a huge runed gate.
 29332 | D:15     | Found a huge runed gate.
 29333 | D:15     | Found a huge runed gate.
 29335 | D:15     | Found a huge runed gate.
 29335 | D:15     | Found a huge runed gate.
 29390 | D:15     | Found a huge runed gate.
 29391 | D:15     | Found a huge runed gate.
 29415 | D:15     | Found a huge runed gate.
 29415 | D:15     | Found a huge runed gate.
 29419 | D:15     | Found a huge runed gate.
 29419 | D:15     | Found a huge runed gate.
 29420 | D:15     | Found a huge runed gate.
 29468 | D:15     | Found a huge runed gate.
 29468 | D:15     | Found a huge runed gate.
 29531 | D:15     | Found a huge runed gate.
 29531 | D:15     | Found a huge runed gate.
 29583 | D:15     | Found a huge runed gate.
 29584 | D:15     | Found a huge runed gate.
 29592 | D:15     | Found a huge runed gate.
 29592 | D:15     | Found a huge runed gate.
 29592 | D:15     | Found a huge runed gate.
 29592 | D:15     | Found a huge runed gate.
 29592 | D:15     | Found a huge runed gate.
 29618 | D:15     | Noticed Louise
 29628 | Abyss:2  | Cast into level 2 of the Abyss (Louise)
 29829 | Abyss:2  | Noticed a bone dragon
 29998 | Abyss:2  | Noticed a tentacled starspawn
 29999 | Abyss:2  | Noticed a profane servitor
 30051 | Abyss:2  | Paralysed by accursed screaming for 2 turns
 30270 | Abyss:2  | Lost strength.
 30464 | Abyss:2  | Gained mutation: You are frail. (-10% HP) [a neqoxec]
 30671 | Abyss:2  | Noticed a tentacled starspawn
 30731 | Abyss:2  | Noticed a profane servitor
 30849 | Abyss:2  | Reached XP level 15. HP: 114/117 MP: 10/34
 31100 | Abyss:2  | Noticed a tentacled starspawn
 31117 | Abyss:2  | Killed a tentacled starspawn
 31154 | Abyss:2  | Noticed a tentacled starspawn
 31158 | Abyss:2  | Killed a tentacled starspawn
 31163 | D:15     | Escaped the Abyss
 31267 | D:15     | Killed Louise
 31404 | D:15     | Found a huge runed gate.
 31404 | D:15     | Found a huge runed gate.
 31405 | D:15     | Found a huge runed gate.
 31405 | D:15     | Found a huge runed gate.
 31716 | D:15     | Found a staircase to the Depths.
 32051 | D:15     | Found a huge runed gate.
 32311 | D:15     | Lost mutation: You are frail. (-10% HP) [potion of
                  | mutation]
 32311 | D:15     | Gained mutation: You are occasionally teleported next to
                  | monsters. [potion of mutation]
 32311 | D:15     | Gained mutation: You occasionally shout uncontrollably at
                  | your foes. [potion of mutation]
 32312 | D:15     | Lost mutation: You occasionally shout uncontrollably at
                  | your foes. [potion of mutation]
 32312 | D:15     | Lost mutation: You are occasionally teleported next to
                  | monsters. [potion of mutation]
 32312 | D:15     | Gained mutation: Potions are less effective at restoring
                  | your health. [potion of mutation]
 32312 | D:15     | Gained mutation: You expend magic power (3 MP) to
                  | strengthen your wands. [potion of mutation]
 32312 | D:15     | Gained mutation: Your mind is acute. (Int +4, Str/Dex -1)
                  | [potion of mutation]
 32951 | D:15     | Noticed Giaff's ghost (journeyman DsGl)
 32951 | D:15     | Noticed Sensen's ghost (journeyman DgEE)
 32951 | D:15     | Noticed Uhiud's ghost (journeyman DgEE)
 32951 | D:15     | Noticed AyAyRon's ghost (adept DsFi)
 32951 | D:15     | Noticed Boahovan's ghost (journeyman DsGl)
 32951 | D:15     | Noticed Qishud's ghost (adept GrEE)
 32951 | D:15     | Noticed MuffinSoup's ghost (journeyman OpHW)
 32951 | D:15     | Noticed Otufisit's ghost (journeyman DgCj)
 32957 | D:15     | Killed Otufisit's ghost
 32964 | D:15     | Killed MuffinSoup's ghost
 32964 | D:15     | Killed Uhiud's ghost
 32965 | D:15     | Reached skill level 17 in Ice Magic
 33652 | D:9      | Learned a level 6 spell: Simulacrum
 33671 | Orc:1    | Entered Level 1 of the Orcish Mines
 34384 | Orc:1    | Noticed Erica
 34396 | Orc:1    | Killed Erica
 34660 | Orc:2    | Entered Level 2 of the Orcish Mines
 35441 | Orc:2    | Found Nizut's Antique Weapon Shoppe.
 35455 | Orc:2    | Found Xesun's Jewellery Shoppe.
 35562 | Orc:2    | Found Pehideax's General Store.
 35593 | Orc:2    | Bought a scroll of teleportation for 42 gold pieces
 35692 | Orc:2    | Found a staircase to the Elven Halls.
 35753 | Orc:2    | Found Ylaomin's Antique Armour Shoppe.
 35759 | Orc:2    | Bought a ripped robe for 148 gold pieces
 35759 | Orc:2    | Identified the +1 robe of Anorchousk {-Cast Will+ Str+3
                  | Dex+4} (You bought it in a shop on level 2 of the Orcish
                  | Mines)
 35776 | Orc:2    | Found Ywoeb's Assorted Antiques.
 36008 | Orc:2    | Bought a phantom mirror for 560 gold pieces
 36039 | Orc:2    | Bought a scroll of teleportation for 90 gold pieces
 36039 | Orc:2    | Bought a scroll of identify for 60 gold pieces
 36039 | Orc:2    | Bought a potion of heal wounds for 150 gold pieces
 36039 | Orc:2    | Bought a scroll of butterflies for 120 gold pieces
 36039 | Orc:2    | Bought a scroll of teleportation for 90 gold pieces
 36039 | Orc:2    | Bought a potion of haste for 300 gold pieces
 36339 | Swamp:1  | Entered Level 1 of the Swamp
 37566 | Swamp:1  | Noticed Jorgrun
 37614 | Swamp:1  | Killed Jorgrun
 37992 | Swamp:2  | Noticed a thorn hunter
 37997 | Swamp:2  | Reached skill level 18 in Ice Magic
 37999 | Swamp:2  | Killed a thorn hunter
 38178 | Swamp:1  | Reached skill level 1 in Shields
 38394 | Swamp:2  | Found a runed translucent door.
 38891 | Swamp:2  | Reached XP level 16. HP: 139/139 MP: 27/37
 38920 | Swamp:2  | Noticed Frances
 38938 | Swamp:2  | Killed Frances
 39114 | Swamp:2  | Noticed infcreate's ghost (adept DEHu)
 39470 | Swamp:2  | Reached skill level 5 in Shields
 40375 | Swamp:3  | Noticed Kirke
 40389 | Swamp:3  | Killed Kirke
 40951 | Swamp:3  | Noticed Mlioglotl
 40969 | Swamp:3  | HP: 3/139 [Mlioglotl (10)]
 40973 | Swamp:3  | Noticed a tentacled starspawn
 41602 | Swamp:3  | Got Oxiklosa's Tome of Reanimation Made Easy
 41739 | Swamp:3  | Reached skill level 5 in Armour
 41978 | Swamp:3  | Gained mutation: You are clumsy. (Dex -2) [a neqoxec]
 41985 | Swamp:3  | Killed Mlioglotl
 42331 | Swamp:4  | Entered Level 4 of the Swamp
 43226 | Swamp:4  | Reached skill level 5 in Stealth
 44708 | Swamp:4  | Identified the staff of poison "Heru" {rPois rN++ Dex+3}
 44750 | Swamp:4  | Got a decaying rune of Zot
 45026 | Spider:1 | Entered Level 1 of the Spider Nest
 46481 | Lair:3   | Slain by a ghost moth

Illustrated notes

Levels and vault maps discovered:
D:1:      scummos_arrival_checkerplants, layout_loops_ring,
          hellmonk_ecumenical_altar_pennies_from_heaven, hangedman_glass_teeth
D:2:      layout_basic, minmay_mini_jars
D:3:      layout_basic, serial_shops, shop_statue, serial_aquarium,
          aquarium_bridge_square [aquarium_subvault_wall,
          aquarium_subvault_bridge, aquarium_subvault_bridge,
          aquarium_subvault_bridge], aquarium_bridge_square
          [aquarium_subvault_bridge, aquarium_subvault_bridge,
          aquarium_subvault_window, aquarium_subvault_window],
          aquarium_window_corridor_3, aquarium_window_1, aquarium_view_2a,
          aquarium_pool_double, minmay_checkerbox
D:4:      layout_rooms, mainiacjoe_overflow_large_starburst, xom_redecorated,
          kennysheep_nondescript, corner_web_ring, uniq_blork_the_orc
D:5:      layout_basic, lemuel_doored_altar, nicolae_overflow_squiral,
          minmay_temple_entry_enclosed_plants, portal_sewer_entry_b,
          cheibrodos_gnoll_hut
D:6:      layout_cave_pods, minmay_misc_feat_iff, corexii_corridor_pit,
          minmay_chambers_of_fives, uniq_duvessa, uniq_maggie
D:7:      layout_basic, minmay_misc_feat_alley, uniq_menkaure
D:8:      layout_rooms, nicolae_overflow_crystal_walls
D:9:      layout_cave_pools, hiddenorc2_lemuel, serial_rivers,
          chequers_serial_rivers_small_3, chequers_serial_rivers_small_3,
          chequers_serial_rivers_micro_c, chequers_serial_rivers_small_b,
          centaur_isle
D:10:     layout_roguey, lair_entry_dummy, serial_shops,
          nicolae_shop_industrial_runoff, minmay_shattered_shrine,
          uniq_josephine
D:11:     layout_rooms, serial_rivers, chequers_serial_rivers_micro_d,
          chequers_serial_rivers_small_a, chequers_serial_rivers_micro_c,
          chequers_serial_rivers_small_3, chequers_serial_rivers_small_3,
          abandoned_shop
D:12:     layout_small_grid, glass_columns_c, uniq_urug
D:13:     layout_basic, portal_ice_cave_entry_pillars_1
D:14:     layout_roguey, lightli_vaults_fourway_checkpoint,
          cheibrodos_ashenzari_chains, serial_rivers,
          chequers_serial_rivers_large_b, chequers_serial_rivers_marsh,
          chequers_serial_rivers_micro_a, chequers_serial_rivers_small_a,
          chequers_serial_rivers_small_3, chequers_serial_rivers_marsh,
          hangedman_decor_opposing
D:15:     hangedman_depths_entry_try_elsewhere_first, layout_irregular_city,
          gammafunk_ghost_door_vault, uniq_louise
Temple:   nicolae_temple_bog_church
Lair:1:   layout_cave_pods, minivault_25
Lair:2:   layout_loops_ring, palyth_hydra_swamp_entry, uniq_nergalle
Lair:3:   layout_big_grid, spider_nest_entry_a, guppyfry_lair_drakes
Lair:4:   layout_regular_city, dpeg_slime_entry_enclosed,
          lightli_volcano_entry_magma_tube, serial_bayou_shore_b,
          grunt_megastairs_2, serial_bayou_shore_b, serial_bayou_shore_a,
          uniq_rupert
Lair:5:   evilmike_catoblepas_cave, layout_regular_city,
          nicolae_quartered_pool_super, chequers_serial_rivers_micro_a
Swamp:1:  layout_basic_swamp, hangedman_swamp_ruin_hall, uniq_jorgrun
Swamp:2:  layout_falls_marsh, hellmonk_ghost_happy_afterlife,
          evilmike_swamp_ruin_house_1, uniq_frances
Swamp:3:  cheibrodos_swamp_tower_of_moss, layout_basic_swamp,
          evilmike_swamp_ruin_house_3, swamp_pool3,
          nicolae_swamp_necromancy_gone_wrong, uniq_kirke, uniq_mlioglotl
Swamp:4:  swamp, layout_basic_swamp, nicolae_swamp_dragon_and_kin,
          infiniplex_staircase_pool
Spider:1: layout_spider_delve, uniq_nikola, uniq_agnes
Orc:1:    nicolae_orc_accident_1, layout_diamond_mine, uniq_erica
Orc:2:    grunt_orc_cross, layout_diamond_mine, serial_shops, shop

Skill      XL: |  1  2  3  4  5  6  7  8  9 10 11 12 13 14 15 16 |
---------------+-------------------------------------------------+-----
Dodging        | 2 3 4 5 7 8 9 10 11 12 | 12.2
Stealth        | 2 3 6 |  6.0
Spellcasting   | 2 3 4 5 6 7 8 9 10 12 | 12.2
Ice Magic      | 4 5 6 7 9 10 12 13 15 16 18 | 18.3
Fighting       | 2 3 4 5 7 8 9 10 11 12 | 12.2
Armour         | 3 6 |  6.0
Shields        | 3 6 |  6.0

Action                     |  1- 3 |  4- 6 |  7- 9 | 10-12 | 13-15 | 16-18 || total
---------------------------+-------+-------+-------+-------+-------+-------++-------
  Melee: Dagger            |    11 |    12 |    83 |   269 |   131 |       ||   506
         Punch             |       |       |       |     3 |     4 |       ||     7
         Falchion          |       |       |       |       |   500 |   133 ||   633
   Fire: Sling             |       |     3 |    26 |    65 |       |       ||    94
  Throw: Throwing net      |       |       |     1 |       |     4 |     3 ||     8
   Cast: Freeze            |    75 |    91 |   202 |   179 |       |       ||   547
         Ozocubu's Armour  |       |     5 |    19 |    32 |    14 |     1 ||    71
         Frozen Ramparts   |       |     5 |    18 |    27 |     8 |     1 ||    59
         Summon Ice Beast  |       |       |       |    88 |    89 |     4 ||   181
         Freezing Cloud    |       |       |       |       |   265 |   153 ||   418
         Metabolic Englaci |       |       |       |       |    21 |     1 ||    22
         Ensorcelled Hiber |       |       |       |       |     2 |     1 ||     3
         Stone Arrow       |       |       |       |       |   232 |    42 ||   274
         Simulacrum        |       |       |       |       |     8 |     1 ||     9
  Evoke: Wand              |       |       |       |     6 |    31 |    17 ||    54
         Condenser vane    |       |       |       |       |     1 |     1 ||     2
         Phantom mirror    |       |       |       |       |       |     1 ||     1
    Use: Scroll            |     4 |     8 |    11 |     8 |    21 |    15 ||    67
         Potion            |       |       |       |     2 |    12 |    11 ||    25
   Stab: Paralysed         |       |       |       |     2 |     8 |     4 ||    14
         Distracted        |       |       |       |     3 |     3 |       ||     6
         Petrified         |       |       |       |       |     1 |       ||     1
         Sleeping          |       |       |       |       |     1 |       ||     1
 Armour: Robe              |    13 |       |       |   154 |   404 |   295 ||   866
         Leather armour    |    14 |    22 |    42 |       |       |       ||    78
         Steam dragon scal |       |       |    62 |   123 |       |       ||   185
         Animal skin       |       |       |       |       |    14 |       ||    14
  Dodge: Dodged            |    41 |    47 |   317 |   678 |   781 |   227 ||  2091
  Block: Buckler           |       |       |       |       |    62 |   220 ||   282
         Reflection        |       |       |       |       |       |     1 ||     1
